 Dungeon Crawl Stone Soup version 0.29-a0-337-g68df138881 (webtiles) character file.

Game seed: 783346386698770496

119 sammy202020 the Skirmisher (level 4, -5/55 HPs)
             Began as a Demonspawn Berserker on Apr 16, 2022.
             Was a Believer of Trog.
             Killed from afar by an orc wizard (9 damage)
             ... with a puff of flame
             ... on level 3 of the Dungeon.
             The game lasted 00:03:06 (1914 turns).

sammy202020 the Skirmisher (Demonspawn Berserker)   Turns: 1914, Time: 00:03:07

Health: -5/55      AC:  8    Str: 17    XL:     4   Next: 73%
Magic:  4/4        EV:  7    Int: 10    God:    Trog [**....]
Gold:   67         SH:  4    Dex: 13    Spells: 3/3 levels left

rFire   . . .      SeeInvis .   a - +0 hand axe
rCold   . . .      Faith    .   l - +0 buckler
rNeg    . . .      Spirit   .   q - +0 chain mail
rPois   .          Reflect  .   (no helmet)
rElec   .          Harm     .   (no cloak)
rCorr   .          Rampage  .   (no gloves)
Will    .....                   (no boots)
Stlth   ..........              (no amulet)
HPRegen 0.18/turn               (no ring)
MPRegen 0.09/turn               (no ring)

@: brilliant, berserking, very quick
A: weakness stinger 1
a: Renounce Religion, Berserk, Trog's Hand


You were on level 3 of the Dungeon.
You worshipped Trog.
Trog was pleased with you.
You visited 1 branch of the dungeon, and saw 3 of its levels.

You collected 67 gold pieces.

Inventory:

Hand Weapons
 a - a +0 hand axe (weapon)
 e - a +1 whip of venom
Missiles
 h - 2 javelins (quivered)
Armour
 l - a +0 buckler (worn)
 n - a +0 scale mail
 q - a +0 chain mail (worn)
Scrolls
 g - a scroll of fog {unknown}
 j - a scroll of vulnerability {unknown}
 m - 2 scrolls of identify {unknown}
 p - a scroll of holy word {unknown}
Potions
 b - a potion of might {unknown}
 c - a potion of lignification {unknown}
 d - a potion of brilliance
 f - 2 potions of degeneration {unknown}
 i - a potion of invisibility {unknown}
 k - a potion of haste {unknown}
 o - a potion of curing {unknown}


   Skills:
 * Level 4.1 Fighting
 * Level 3.6 Axes
 + Level 2.3 Armour
 - Level 1.7 Dodging
 + Level 1.1 Shields


You had 3 spell levels left.
You didn't know any spells.
Your spell library was empty.

Dungeon Overview and Level Annotations

Branches:
Dungeon (3/15)

Altars:


Innate Abilities, Weirdness & Mutations

You have a small tail.


Message History

You hit the adder.
You kill the adder!
Trog accepts your kill.
You feel the effects of Trog's Hand fading.
The orc wizard gestures at you while chanting.
The puff of flame hits you!
* * * LOW HITPOINT WARNING * * *
It was a potion of brilliance.
You feel clever all of a sudden.
The orc wizard hits you but does no damage.
You barely miss the hobgoblin.
The hobgoblin hits you but does no damage.
You block the orc wizard's attack.
You closely miss the hobgoblin. The hobgoblin hits you.
* * * LOW HITPOINT WARNING * * *
The orc wizard barely misses you.
You closely miss the hobgoblin.
Your skin stops crawling.
You feel less strong-willed. The hobgoblin barely misses you.
The orc wizard completely misses you.
You hit the hobgoblin but do no damage. The hobgoblin barely misses you.
The orc wizard hits you but does no damage.
You hit the hobgoblin.
The hobgoblin is almost dead.
You block the hobgoblin's attack.
The orc wizard hits you but does no damage.
You hit the hobgoblin but do no damage. You tail-slap the hobgoblin.
You kill the hobgoblin!
Trog accepts your kill.
You barely miss the orc priest.
You recover from your berserk rage.
The orc wizard points at you and mumbles some strange words.
You resist with some effort.
The orc priest hits you with a +0 war axe.
* * * LOW HITPOINT WARNING * * *
An orc comes into view. It is wielding a +0 flail.
A red film seems to cover your vision as you go berserk!
You feel yourself moving faster!
You feel mighty!
The orc shouts!
The orc wizard zaps a wand.
The puff of flame hits you!
You die...

...# . ...# ...
#####..###o.#
...#........
#######.#....#
.........<...#
#.....#.#o.##.##
+......o#...../.
#....)))@†.##.#
######)##†.# #
#.# ...# #.#
...# #.. ...#
#......#
#...:..#
##.....# .....


You could see an orc priest, an orc wizard and an orc.

Vanquished Creatures
  An orc wizard (D:3)
  4 adders
  A worm (D:2)
  2 dart slugs
  7 orcs (D:3)
  7 endoplasms
  2 goblins
  4 hobgoblins
  4 ball pythons (D:1)
  A bat (D:2)
  2 frilled lizards
  5 kobolds
  5 rats
45 creatures vanquished.

Vanquished Creatures (others)
  A plant (D:1)
1 creature vanquished.

Grand Total: 46 creatures vanquished

Notes
Turn   | Place    | Note
-------+----------+-------------------------------------------
     0 | D:1      | sammy202020 the Demonspawn Berserker began the quest for
                  | the Orb.
     0 | D:1      | Reached XP level 1. HP: 18/18 MP: 1/1
   168 | D:1      | Gained mutation: You have a small tail. [demonic ancestry]
   168 | D:1      | Reached XP level 2. HP: 16/24 MP: 2/2
   946 | D:2      | Reached XP level 3. HP: 27/29 MP: 3/3
   987 | D:2      | Reached ** piety under Trog
  1434 | D:2      | Found a faded altar of an unknown god.
  1556 | D:2      | Identified the +11 spear of the Illusory Souls {vamp, MP-9
                  | Str-4 Int+8}
  1852 | D:3      | Reached XP level 4. HP: 36/37 MP: 4/4
  1873 | D:3      | Reached skill level 4 in Fighting
  1873 | D:3      | Reached skill level 1 in Shields
  1914 | D:3      | Killed from afar by an orc wizard

Illustrated notes

Levels and vault maps discovered:
D:1:      minmay_arrival_hallway, layout_rooms, serial_forest,
          infiniplex_forest_lined_4_way, infiniplex_forest_lined_room_2,
          infiniplex_forest_zigzag_1, infiniplex_forest_side_room,
          infiniplex_forest_clump_cross, infiniplex_forest_clump_diagonal,
          infiniplex_forest_clump_double, infiniplex_forest_zigzag_1,
          minivault_4, minmay_distorted
D:2:      layout_loops_ring, hellmonk_ecumenical_altar_heavens_door
D:3:      cheibrodos_greedy_goblins, layout_basic, minmay_vboxes, uniq_sigmund,
          uniq_ijyb

Skill      XL: |  1  2  3  4 |
---------------+-------------+-----
Armour         | 2 |  2.3
Axes           | 3 |  3.6
Fighting       | 4 |  4.1
Shields        | 1 |  1.1
Dodging        | |  1.7

Action                   |  1- 3 |  4- 6 || total
-------------------------+-------+-------++-------
Melee: Hand axe          |    85 |    41 ||   126
       Tailslap          |     8 |     4 ||    12
Invok: Trog's Hand       |     1 |     1 ||     2
       Berserk           |       |     2 ||     2
  Use: Potion            |       |     1 ||     1
Armor: Ring mail         |    12 |       ||    12
       Scale mail        |    13 |    11 ||    24
       Chain mail        |       |    12 ||    12
Dodge: Dodged            |    40 |    16 ||    56
Block: Buckler           |     7 |     9 ||    16

Table legend: (Time is in decaauts)
 A = Elapsed time spent in this place.
 B = Non-inter-level travel time spent in this place.
 C = Inter-level travel time spent in this place.
 D = Time resting spent in this place.
 E = Time spent auto-exploring this place.
 F = Levels seen in this place.
 G = Mean time per level.
                   A        B        C        D        E       F      G
               +--------+--------+--------+--------+--------+-----+--------+
         Total |   1943 |   1926 |     17 |      0 |   1534 |   3 |  647.7 |
       Dungeon |   1943 |   1926 |     17 |      0 |   1534 |   3 |  647.7 |
               +--------+--------+--------+--------+--------+-----+--------+

Top non-repeatable levels by time:
     D:2: 968 daAuts
     D:1: 891 daAuts
     D:3: 83 daAuts
